% Time on Ice - PORTLAND PIRATES
Lines # - Real PCT - Wanted PCT - Time Play
Normal Forward
1 - 35% - 33% - 17:34
2 - 29% - 30% - 14:48
3 - 26% - 27% - 13:11
4 - 10% - 10% - 4:55
Normal Defense
1 - 30% - 32% - 15:06
2 - 34% - 32% - 17:00
3 - 33% - 31% - 16:41
4 - 3% - 5% - 1:41
PP Forward
1 - 53% - 65% - 2:06
2 - 47% - 35% - 1:52
PP Defense
1 - 53% - 65% - 2:06
2 - 47% - 35% - 1:52
PK Forward
1 - 88% - 60% - 3:20
2 - 12% - 40% - 0:27
PK Defense
1 - 41% - 60% - 1:32
2 - 59% - 40% - 2:15
PK3 Forward
1 - 66% - 60% - 0:48
2 - 34% - 40% - 0:25
PK3 Defense
1 - 56% - 60% - 0:41
2 - 44% - 40% - 0:32
44 Forward
1 - 0% - 60%
2 - 0% - 40%
44 Defense
1 - 0% - 60%
2 - 0% - 40%
Last Minute Offensive  - 0:00
Last Minute Defensive  - 0:34
Total
Forward - 60:00
Defense - 60:00
% Time on Ice - ANAHEIM OUTLAWS
Lines # - Real PCT - Wanted PCT - Time Play
Normal Forward
1 - 28% - 29% - 14:28
2 - 27% - 29% - 13:54
3 - 28% - 25% - 14:22
4 - 16% - 17% - 8:18
Normal Defense
1 - 29% - 35% - 15:03
2 - 35% - 35% - 18:01
3 - 29% - 20% - 14:41
4 - 6% - 10% - 3:17
PP Forward
1 - 52% - 50% - 2:35
2 - 48% - 50% - 2:25
PP Defense
1 - 51% - 50% - 2:32
2 - 49% - 50% - 2:28
PK Forward
1 - 58% - 50% - 2:17
2 - 42% - 50% - 1:41
PK Defense
1 - 48% - 50% - 1:55
2 - 52% - 50% - 2:03
PK3 Forward
1 - 0% - 55%
2 - 0% - 45%
PK3 Defense
1 - 0% - 55%
2 - 0% - 45%
44 Forward
1 - 0% - 50%
2 - 0% - 50%
44 Defense
1 - 0% - 50%
2 - 0% - 50%
Last Minute Offensive  - 0:00
Last Minute Defensive  - 0:00
Total
Forward - 60:00
Defense - 60:00
Play-by-Play 1st period 0:01 of 1st period - Jonathan Toews wins face-off versus Jonathan Audy-Marchessault in neutral zone. 0:01 of 1st period - Gabriel Landeskog is hit by Jonathan Audy-Marchessault and loses puck. 0:19 of 1st period - Shot by Jonathan Toews. 0:19 of 1st period - Stopped by Matthew Murray without a rebound. 0:20 of 1st period - Matt Duchene wins face-off versus Eric Staal in ANAHEIM OUTLAWS zone. 0:45 of 1st period - Shot by Nicholas Ritchie. 0:45 of 1st period - Deflect By Matt Duchene. 0:45 of 1st period - Shot Misses the Net. 1:41 of 1st period - Shot by Pavel Zacha. 1:41 of 1st period - Stopped by Matthew Murray without a rebound. 1:42 of 1st period - Michael Rasmussen wins face-off versus Jonathan Toews in ANAHEIM OUTLAWS zone. 1:44 of 1st period - Icing by John Tavares. 1:45 of 1st period - Michael Rasmussen wins face-off versus Gabriel Landeskog in ANAHEIM OUTLAWS zone. 2:28 of 1st period - Shot by Jonathan Toews. 2:28 of 1st period - Stopped by Matthew Murray without a rebound. 2:29 of 1st period - Michael Grabner wins face-off versus Jason Dickinson in ANAHEIM OUTLAWS zone. 2:34 of 1st period - Shot by Richard Panik. 2:34 of 1st period - Stopped by Henrik Lundqvist with a rebound. 3:23 of 1st period - Adrian Kempe is hit by Brett Connolly and loses puck. 5:01 of 1st period - Shot by Travis Konecny. 5:01 of 1st period - Stopped by Matthew Murray without a rebound. 5:02 of 1st period - Matt Duchene wins face-off versus Jonathan Toews in ANAHEIM OUTLAWS zone. 5:45 of 1st period - Shot by Jonathan Drouin. 5:45 of 1st period - Stopped by Henrik Lundqvist without a rebound. 5:46 of 1st period - Michael Rasmussen wins face-off versus Jason Dickinson in PORTLAND PIRATES zone. 5:54 of 1st period - Icing by Brian Dumoulin. 5:55 of 1st period - Adrian Kempe wins face-off versus Jason Dickinson in PORTLAND PIRATES zone. 6:29 of 1st period - Shot by Richard Panik. 6:29 of 1st period - Shot Misses the Net. 7:18 of 1st period - John Tavares is hit by Thomas Chabot and loses puck. 8:17 of 1st period - Off-side. 8:18 of 1st period - Matt Duchene wins face-off versus Pavel Zacha in neutral zone. 8:23 of 1st period - Icing by Brian Dumoulin. 8:24 of 1st period - Matt Duchene wins face-off versus Pavel Zacha in PORTLAND PIRATES zone. 9:31 of 1st period - Shot by Richard Panik. 9:31 of 1st period - Shot Misses the Net. 10:07 of 1st period - Icing by Rasmus Ristolainen. 10:08 of 1st period - John Tavares wins face-off versus Jonathan Toews in PORTLAND PIRATES zone. 10:48 of 1st period - Icing by Brett Pesce. 10:49 of 1st period - Matt Duchene wins face-off versus Jonathan Toews in PORTLAND PIRATES zone. 11:26 of 1st period - Shot by Eric Staal. 11:26 of 1st period - Shot Misses the Net. 11:40 of 1st period - Shot by Eric Staal. 11:40 of 1st period - Goal by Eric Staal - PORTLAND PIRATES : 1 - ANAHEIM OUTLAWS : 0. 11:41 of 1st period - Michael Rasmussen wins face-off versus Jason Dickinson in neutral zone. 11:44 of 1st period - Brian Dumoulin is hit by Ryan Callahan and loses puck. 11:55 of 1st period - Shot by Alex Chiasson. 11:55 of 1st period - Shot Misses the Net. 12:02 of 1st period - Icing by Keith Yandle. 12:03 of 1st period - Eric Staal wins face-off versus Michael Rasmussen in ANAHEIM OUTLAWS zone. 12:14 of 1st period - Shot by Travis Konecny. 12:14 of 1st period - Shot Misses the Net. 13:24 of 1st period - Shot by Yanni Gourde. 13:24 of 1st period - Stopped by Matthew Murray without a rebound. 13:25 of 1st period - Jonathan Toews wins face-off versus Adrian Kempe in ANAHEIM OUTLAWS zone. 13:34 of 1st period - Shot by Gabriel Landeskog. 13:34 of 1st period - Shot Blocked by Thomas Hickey. 13:36 of 1st period - Shot by Jonathan Toews. 13:36 of 1st period - Shot Misses the Net. 13:38 of 1st period - Shot by Gabriel Landeskog. 13:38 of 1st period - Shot Misses the Net. 13:40 of 1st period - Shot by Gabriel Landeskog. 13:40 of 1st period - Shot Misses the Net. 13:42 of 1st period - Shot by Travis Hamonic. 13:42 of 1st period - Stopped by Matthew Murray without a rebound. 13:43 of 1st period - Pavel Zacha wins face-off versus Matt Duchene in ANAHEIM OUTLAWS zone. 13:43 of 1st period - Yanni Gourde is hit by Maxime Lajoie and loses puck. 13:47 of 1st period - Icing by Matt Duchene. 13:48 of 1st period - Matt Duchene wins face-off versus Pavel Zacha in ANAHEIM OUTLAWS zone. 14:15 of 1st period - Shot by Matt Duchene. 14:15 of 1st period - Stopped by Henrik Lundqvist with a rebound. 14:49 of 1st period - Minor Penalty to Brian Dumoulin for Interference. 14:50 of 1st period - John Tavares wins face-off versus Eric Staal in PORTLAND PIRATES zone. 16:43 of 1st period - Travis Hamonic is hit by Richard Panik and loses puck. 17:39 of 1st period - Icing by Adrian Kempe. 17:40 of 1st period - Adrian Kempe wins face-off versus Pavel Zacha in ANAHEIM OUTLAWS zone. 18:09 of 1st period - Shot by Brett Connolly. 18:09 of 1st period - Stopped by Matthew Murray without a rebound. 18:10 of 1st period - Matt Duchene wins face-off versus Eric Staal in ANAHEIM OUTLAWS zone. 18:44 of 1st period - Shot by Rickard Rakell. 18:44 of 1st period - Shot Blocked by Morgan Rielly. 19:28 of 1st period - Jonathan Audy-Marchessault is hit by Brett Pesce and loses puck. 19:33 of 1st period - Shot by Jonathan Audy-Marchessault. 19:33 of 1st period - Shot Misses the Net. Goals for this period are 1 for PORTLAND PIRATES vs 0 for ANAHEIM OUTLAWS. Shots for this period are 8 for PORTLAND PIRATES vs 3 for ANAHEIM OUTLAWS. 2nd period 0:01 of 2nd period - John Tavares wins face-off versus Eric Staal in neutral zone. 0:13 of 2nd period - Icing by Rickard Rakell. 0:14 of 2nd period - Eric Staal wins face-off versus Richard Panik in PORTLAND PIRATES zone. 1:56 of 2nd period - Shot by John Tavares. 1:56 of 2nd period - Stopped by Henrik Lundqvist with a rebound. 1:58 of 2nd period - Shot by John Tavares. 1:58 of 2nd period - Stopped by Henrik Lundqvist with a rebound. 2:00 of 2nd period - Shot by Keith Yandle. 2:00 of 2nd period - Stopped by Henrik Lundqvist without a rebound. 2:01 of 2nd period - Matt Duchene wins face-off versus Pavel Zacha in PORTLAND PIRATES zone. 2:26 of 2nd period - Shot by Yanni Gourde. 2:26 of 2nd period - Shot Misses the Net. 2:28 of 2nd period - Shot by Travis Hamonic. 2:28 of 2nd period - Deflect By Brett Connolly. 2:28 of 2nd period - Shot Misses the Net. 2:32 of 2nd period - Shot by Yanni Gourde. 2:32 of 2nd period - Deflect By Pavel Zacha. 2:32 of 2nd period - Stopped by Matthew Murray without a rebound. 2:33 of 2nd period - Eric Staal wins face-off versus Michael Rasmussen in ANAHEIM OUTLAWS zone. 2:42 of 2nd period - Shot by Travis Konecny. 2:42 of 2nd period - Goal by Travis Konecny - PORTLAND PIRATES : 2 - ANAHEIM OUTLAWS : 0. 2:43 of 2nd period - Michael Grabner wins face-off versus Jason Dickinson in neutral zone. 3:22 of 2nd period - Shot by Richard Panik. 3:22 of 2nd period - Stopped by Henrik Lundqvist with a rebound. 3:24 of 2nd period - Shot by Duncan Keith. 3:24 of 2nd period - Stopped by Henrik Lundqvist without a rebound. 3:25 of 2nd period - Pavel Zacha wins face-off versus John Tavares in PORTLAND PIRATES zone. 3:34 of 2nd period - Shot by Pavel Zacha. 3:34 of 2nd period - Shot Blocked by Morgan Rielly. 4:35 of 2nd period - Shot by Jonathan Drouin. 4:35 of 2nd period - Shot Blocked by Thomas Chabot. 4:37 of 2nd period - Shot by Matt Duchene. 4:37 of 2nd period - Stopped by Henrik Lundqvist without a rebound. 4:38 of 2nd period - Adrian Kempe wins face-off versus Jonathan Toews in PORTLAND